UNITED STATES PREMIER LEAGUE
DETROIT REAPERS VS CHICAGO GOLD SOX
07/05/2014
 
TOP OF THE 1ST
Chicago Gold Sox batting - Pitching for Detroit Reapers : RHP Luis Ríos
Pitching: RHP Luis Ríos
Batting: LHB Salvador Vidal 0-0: Foul Ball, location: 2F
0-1: Ball
1-1: Swinging Strike
1-2: Fly out, F6 (Popup, 6M)
Batting: SHB Brent Gaines 0-0: Swinging Strike
0-1: Ball
1-1: Called Strike
1-2: Ground out 4-3 (Groundball, 4)
Batting: RHB John Hill 0-0: Ball
1-0: Called Strike
1-1: Fly out, F8 (Flyball, 8LS)
Top of the 1st over - 0 run(s), 0 hit(s), 0 error(s), 0 left on base; Chicago 0 - Detroit 0
BOTTOM OF THE 1ST
Detroit Reapers batting - Pitching for Chicago Gold Sox : RHP José Galindo
Pitching: RHP José Galindo
Batting: RHB Bubba Papandreou 0-0: Foul Ball, location: 2F
0-1: Called Strike
0-2: Fly out, F8 (Flyball, 8RXD)
Batting: LHB John Hayes 0-0: Fly out, F5 (Popup, 5F)
Batting: RHB Rob House 0-0: Called Strike
0-1: Ball
1-1: Called Strike
1-2: Strikes out swinging
Bottom of the 1st over - 0 run(s), 0 hit(s), 0 error(s), 0 left on base; Chicago 0 - Detroit 0
TOP OF THE 2ND
Chicago Gold Sox batting - Pitching for Detroit Reapers : RHP Luis Ríos
Batting: LHB Earl Ellis 0-0: Ball
1-0: Ball
2-0: Ball
3-0: Called Strike
3-1: Foul Ball, location: 2F
3-2: Base on Balls
Batting: LHB Vicente Martínez 0-0: Called Strike
0-1: Ball
1-1: Ball
2-1: Ball
3-1: Foul Ball, location: 2F
3-2: Base on Balls
Earl Ellis to second
Batting: LHB Jeff Sharp 0-0: Fly out, F6 (Line Drive, 6M)
Batting: LHB Ron Goodwin 0-0: Ball
1-0: Ball
2-0: Ball
3-0: Called Strike
3-1: SINGLE (Groundball, 34D) (infield hit)
Earl Ellis to third
Vicente Martínez to second
Batting: RHB Tim Little 0-0: Foul Ball, location: 2F
0-1: Ball
1-1: Swinging Strike
1-2: Ball
2-2: Strikes out looking
Batting: RHB José Galindo 0-0: Ball
Wild Pitch!
Earl Ellis scores
Vicente Martínez to third
Ron Goodwin to second
1-0: Called Strike
1-1: Ball
2-1: SINGLE (Groundball, 6)
Vicente Martínez scores
Ron Goodwin to third
Batting: LHB Salvador Vidal 0-0: Ball
1-0: Foul Ball, location: 2F
1-1: Swinging Strike
1-2: Ball
2-2: SINGLE (Groundball, 6D)
Ron Goodwin scores
José Galindo to second
Batting: SHB Brent Gaines 0-0: Called Strike
0-1: Ball
1-1: Foul Ball, location: 2F
1-2: SINGLE (Flyball, 89M)
José Galindo to third
Salvador Vidal to second
Batting: RHB John Hill 0-0: Foul Ball, location: 2F
0-1: Ball
1-1: Ball
2-1: Ball
3-1: Base on Balls
José Galindo scores
Salvador Vidal to third
Brent Gaines to second
Batting: LHB Earl Ellis 0-0: Ball
1-0: Ball
2-0: Called Strike
2-1: Swinging Strike
2-2: Strikes out looking
Top of the 2nd over - 4 run(s), 4 hit(s), 0 error(s), 3 left on base; Chicago 4 - Detroit 0
BOTTOM OF THE 2ND
Detroit Reapers batting - Pitching for Chicago Gold Sox : RHP José Galindo
Batting: RHB Eduardo Alvarado 0-0: Called Strike
0-1: Ball
1-1: Swinging Strike
1-2: Strikes out swinging
Batting: LHB Robert Bond 0-0: Called Strike
0-1: Swinging Strike
0-2: SINGLE (Groundball, 34)
Batting: LHB Armando Herrera 0-0: Foul Ball, location: 2F
0-1: Called Strike
0-2: Strikes out swinging
Batting: RHB Duncan Thomas 0-0: Swinging Strike
0-1: Swinging Strike
0-2: Ball
1-2: Foul Ball, location: 2F
1-2: Ball
2-2: Ball
3-2: Fly out, F8 (Line Drive, 8LD)
Bottom of the 2nd over - 0 run(s), 1 hit(s), 0 error(s), 1 left on base; Chicago 4 - Detroit 0
TOP OF THE 3RD
Chicago Gold Sox batting - Pitching for Detroit Reapers : RHP Luis Ríos
Batting: LHB Vicente Martínez 0-0: SINGLE (Line Drive, 4M)
Batting: LHB Jeff Sharp 0-0: Ball
1-0: Ball
2-0: Called Strike
2-1: Ball
3-1: Foul Ball, location: 2F
3-2: Strikes out swinging
Batting: LHB Ron Goodwin 0-0: Called Strike
0-1: Called Strike
0-2: Strikes out swinging
Batting: RHB Tim Little 0-0: Called Strike
0-1: Fielders Choice at 2nd, 6-4 (Groundball, 6MS)
Top of the 3rd over - 0 run(s), 1 hit(s), 0 error(s), 1 left on base; Chicago 4 - Detroit 0
BOTTOM OF THE 3RD
Detroit Reapers batting - Pitching for Chicago Gold Sox : RHP José Galindo
Batting: RHB Domingo Reyes 0-0: Called Strike
0-1: Ball
1-1: Ball
2-1: Foul Ball, location: 2F
2-2: SINGLE (Line Drive, 78M)
Pinch Hitting: RHB Nick Simmons 0-0: Called Strike
0-1: Ball
1-1: Foul Ball, location: 2F
1-2: Ball
2-2: SINGLE (Line Drive, 34D)
Domingo Reyes to second
Batting: RHB Bubba Papandreou 0-0: Called Strike
0-1: Ground out 4-3 (Groundball, 4M)
Domingo Reyes to third
Nick Simmons to second
Batting: LHB John Hayes 0-0: Ball
Passed Ball!
Domingo Reyes scores
Nick Simmons to third
1-0: 2-RUN HOME RUN (Line Drive, 9D), Distance : 374 ft
Batting: RHB Rob House 0-0: Called Strike
0-1: Ball
1-1: Called Strike
1-2: Foul Ball, location: 2F
1-2: Ball
2-2: SINGLE (Line Drive, 89M)
Batting: RHB Eduardo Alvarado 0-0: Ball
1-0: Ball
2-0: Called Strike
2-1: Fly out, F9 (Flyball, 9D)
Batting: LHB Robert Bond 0-0: Ball
1-0: Swinging Strike
1-1: Swinging Strike
1-2: Foul Ball, location: 2F
1-2: Ground out 3-1 (Groundball, 3L)
Bottom of the 3rd over - 3 run(s), 4 hit(s), 0 error(s), 1 left on base; Chicago 4 - Detroit 3
TOP OF THE 4TH
Chicago Gold Sox batting - Pitching for Detroit Reapers : RHP Luis Ríos
Pitching: LHP Francisco Carrasco
Batting: RHB José Galindo 0-0: Ball
1-0: Called Strike
1-1: Foul Ball, location: 2F
1-2: Fly out, F8 (Flyball, 8RM)
Batting: LHB Salvador Vidal 0-0: Ball
1-0: Ball
2-0: Ball
3-0: Called Strike
3-1: Swinging Strike
3-2: Foul Ball, location: 2F
3-2: Foul Ball, location: 2F
3-2: Foul Ball, location: 2F
3-2: Base on Balls
Batting: SHB Brent Gaines 0-0: Foul Ball, location: 2F
0-1: Ball
1-1: Ball
2-1: Fielders Choice at 2nd, U6 (Groundball, 6M)
Batting: RHB John Hill 0-0: Ball
Brent Gaines steals 2nd base
1-0: Ball
2-0: Ball
3-0: Swinging Strike
3-1: Base on Balls
Batting: LHB Earl Ellis 0-0: Ball
1-0: SINGLE (Line Drive, 4MD)
Brent Gaines to third
John Hill to second
Batting: LHB Vicente Martínez 0-0: SINGLE (Line Drive, 56D)
Brent Gaines scores
John Hill to third
Earl Ellis to second
Runner from 3rd tries for Home, SAFE, no throw or cutoff
Batting: LHB Jeff Sharp 0-0: Called Strike
0-1: Ball
1-1: Ball
Wild Pitch!
Earl Ellis to third
Vicente Martínez to second
2-1: Ground out U3 (Groundball, 3)
Top of the 4th over - 2 run(s), 2 hit(s), 0 error(s), 2 left on base; Chicago 6 - Detroit 3
BOTTOM OF THE 4TH
Detroit Reapers batting - Pitching for Chicago Gold Sox : RHP José Galindo
Batting: LHB Armando Herrera 0-0: Ball
1-0: Ball
2-0: Ball
3-0: Base on Balls
Batting: RHB Duncan Thomas 0-0: Ball
1-0: Called Strike
1-1: Called Strike
1-2: Hit by Pitch
Armando Herrera to second
Pinch Runner at 1st Chris Carter:
Batting: RHB Domingo Reyes 0-0: Called Strike
0-1: Foul Ball, location: 2F
0-2: Ground out 5-3 (Groundball, 5S)
Armando Herrera to third
Chris Carter to second
Pinch Hitting: RHB Gerald Shaw 0-0: Ball
1-0: Ball
2-0: Ball
3-0: Called Strike
3-1: Base on Balls
Batting: RHB Bubba Papandreou 0-0: Ball
1-0: Ball
2-0: Called Strike
2-1: Fly out, F9 (Flyball, 89S)
Runner from 3rd tags up, SCORES, throw made
Batting: LHB John Hayes 0-0: Ball
1-0: Ball
2-0: Called Strike
2-1: Called Strike
2-2: Strikes out swinging
Bottom of the 4th over - 1 run(s), 0 hit(s), 0 error(s), 2 left on base; Chicago 6 - Detroit 4
TOP OF THE 5TH
Chicago Gold Sox batting - Pitching for Detroit Reapers : LHP Francisco Carrasco
Pitching: RHP Bruce Nichols
Now at 2B: Chris Carter
Batting: LHB Ron Goodwin 0-0: Ball
1-0: Called Strike
1-1: Hit by Pitch
Batting: RHB Tim Little 0-0: Ball
1-0: Called Strike
1-1: Grounds into double play, U6-3 (Groundball, 6M)
Pinch Hitting: RHB Daniel Lallanilla 0-0: Called Strike
0-1: Ball
1-1: Ball
2-1: Foul Ball, location: 2F
2-2: Strikes out swinging
Top of the 5th over - 0 run(s), 0 hit(s), 0 error(s), 0 left on base; Chicago 6 - Detroit 4
BOTTOM OF THE 5TH
Detroit Reapers batting - Pitching for Chicago Gold Sox : RHP José Galindo
Pitching: RHP Mike Warren
Batting: RHB Rob House 0-0: Ball
1-0: SOLO HOME RUN (Flyball, 7D), Distance : 385 ft
Batting: RHB Eduardo Alvarado 0-0: Called Strike
0-1: Swinging Strike
0-2: Ball
1-2: Ball
2-2: Ball
3-2: Foul Ball, location: 2F
3-2: Foul Ball, location: 2F
3-2: Base on Balls
Batting: LHB Robert Bond 0-0: Ball
1-0: Swinging Strike
1-1: Ball
2-1: SINGLE (Flyball, 4MD)
Eduardo Alvarado to second
Batting: LHB Armando Herrera 0-0: Called Strike
0-1: Fly out, F7 (Flyball, 7M)
Batting: RHB Chris Carter 0-0: Called Strike
0-1: Ball
1-1: Called Strike
1-2: Ball
2-2: Strikes out swinging
Batting: RHB Domingo Reyes 0-0: Called Strike
0-1: Foul Ball, location: 2F
0-2: Foul Ball, location: 2F
0-2: Ball
1-2: Ball
2-2: DOUBLE (Groundball, 5L)
Eduardo Alvarado scores
Robert Bond to third
Runner from 3rd tries for Home, SAFE, no throw or cutoff
Pitching: RHP Jim Logan
Pinch Hitting: RHB Bernalldo Bessa 0-0: Called Strike
0-1: DOUBLE (Groundball, 5L)
Domingo Reyes scores
Batting: RHB Bubba Papandreou 0-0: Called Strike
0-1: Ball
1-1: SINGLE (Groundball, 6MD)
Bernalldo Bessa to third
Runner from 3rd tries for Home, SAFE, no throw or cutoff
Batting: LHB John Hayes 0-0: Swinging Strike
0-1: Ball
1-1: Ball
2-1: Ball
3-1: DOUBLE (Flyball, 7D)
Bubba Papandreou to third
Batting: RHB Rob House 0-0: Ball
1-0: Called Strike
1-1: Ground out 5-3 (Groundball, 56)
Bottom of the 5th over - 5 run(s), 6 hit(s), 0 error(s), 2 left on base; Chicago 6 - Detroit 9
TOP OF THE 6TH
Chicago Gold Sox batting - Pitching for Detroit Reapers : RHP Bruce Nichols
Pitching: LHP Martin Hill
Batting: LHB Salvador Vidal 0-0: DOUBLE (Line Drive, 9D)
Batting: SHB Brent Gaines 0-0: Ball
Wild Pitch!
Salvador Vidal to third
1-0: Called Strike
1-1: Swinging Strike
1-2: Fly out, F9 (Flyball, 9M)
Runner from 3rd tags up, SCORES, no throw
Batting: RHB John Hill 0-0: Ball
1-0: Foul Ball, location: 2F
1-1: Ball
2-1: Ball
3-1: Base on Balls
Batting: LHB Earl Ellis 0-0: Swinging Strike
0-1: Foul Ball, location: 2F
0-2: Fly out, F4 (Popup, 4D)
Batting: LHB Vicente Martínez 0-0: Foul Ball, location: 2F
0-1: Ball
1-1: Ball
2-1: Ball
3-1: Ground out 4-3 (Groundball, 4)
Top of the 6th over - 1 run(s), 1 hit(s), 0 error(s), 1 left on base; Chicago 7 - Detroit 9
BOTTOM OF THE 6TH
Detroit Reapers batting - Pitching for Chicago Gold Sox : RHP Jim Logan
Batting: RHB Eduardo Alvarado 0-0: Called Strike
0-1: Ball
1-1: Foul Ball, location: 2F
1-2: Foul Ball, location: 2F
1-2: TRIPLE (Flyball, 89D)
Batting: LHB Robert Bond 0-0: Intentional Walk
Batting: LHB Armando Herrera 0-0: Foul Ball, location: 2F
0-1: Ball
1-1: Ball
2-1: Foul Ball, location: 2F
2-2: 3-RUN HOME RUN (Flyball, 9D), Distance : 375 ft
Pitching: RHP Ron Kennedy
Batting: RHB Chris Carter 0-0: Called Strike
0-1: Fly out, F8 (Flyball, 8RM)
Batting: RHB Domingo Reyes 0-0: Foul Ball, location: 2F
0-1: Ball
1-1: Foul Ball, location: 2F
1-2: Ball
2-2: Fly out, F3 (Popup, 3F)
Pinch Hitting: RHB Ilusuarte Viamonte 0-0: Ball
1-0: Ball
2-0: Called Strike
2-1: DOUBLE (Line Drive, 89M)
Batting: RHB Bubba Papandreou 0-0: Ball
1-0: Fly out, F7 (Flyball, 78M)
Bottom of the 6th over - 3 run(s), 3 hit(s), 0 error(s), 1 left on base; Chicago 7 - Detroit 12
TOP OF THE 7TH
Chicago Gold Sox batting - Pitching for Detroit Reapers : LHP Martin Hill
Pitching: RHP Jeff Lyons
Batting: LHB Jeff Sharp 0-0: Ball
1-0: Ball
2-0: Ball
3-0: Called Strike
3-1: Base on Balls
Batting: LHB Ron Goodwin 0-0: Swinging Strike
0-1: Ball
1-1: Called Strike
1-2: Strikes out swinging
Batting: RHB Tim Little 0-0: Ball
1-0: Ball
2-0: Foul Ball, location: 2F
2-1: Ball
3-1: Foul Ball, location: 2F
3-2: Foul Ball, location: 2F
3-2: Base on Balls
Jeff Sharp to second
Pinch Hitting: RHB Pablo Rodríguez 0-0: Swinging Strike
0-1: Grounds into double play, 6-4-3 (Groundball, 6)
Top of the 7th over - 0 run(s), 0 hit(s), 0 error(s), 2 left on base; Chicago 7 - Detroit 12
BOTTOM OF THE 7TH
Detroit Reapers batting - Pitching for Chicago Gold Sox : RHP Ron Kennedy
Pitching: LHP Pedro Torres
Batting: LHB John Hayes 0-0: Fly out, F9 (Line Drive, 89S)
Batting: RHB Rob House 0-0: Fly out, F8 (Popup, 8LS)
Batting: RHB Eduardo Alvarado 0-0: Fly out, F7 (Flyball, 7LS)
Bottom of the 7th over - 0 run(s), 0 hit(s), 0 error(s), 0 left on base; Chicago 7 - Detroit 12
TOP OF THE 8TH
Chicago Gold Sox batting - Pitching for Detroit Reapers : RHP Jeff Lyons
Batting: LHB Salvador Vidal 0-0: Ball
1-0: Ball
2-0: Foul Ball, location: 2F
2-1: Foul Ball, location: 2F
2-2: Ball
3-2: SINGLE (Groundball, 6MD)
Batting: SHB Brent Gaines 0-0: Fielders Choice at 2nd, 6-4 (Groundball, 6)
Batting: RHB John Hill 0-0: Ball
1-0: Ball
2-0: Ball
3-0: Called Strike
3-1: Base on Balls
Brent Gaines to second
Batting: LHB Earl Ellis 0-0: Called Strike
0-1: Foul Ball, location: 2F
0-2: Ground out 5-3 (Groundball, 5S)
Brent Gaines to third
John Hill to second
Batting: LHB Vicente Martínez 0-0: Called Strike
0-1: Foul Ball, location: 2F
0-2: Foul Ball, location: 2F
0-2: Ball
1-2: Ball
2-2: Foul Ball, location: 2F
2-2: Foul Ball, location: 2F
2-2: Foul Ball, location: 2F
2-2: Ball
3-2: DOUBLE (Line Drive, 5D)
Brent Gaines scores
John Hill scores
Pitching: RHP Tony Hernández
Batting: LHB Jeff Sharp 0-0: Ball
1-0: Ball
2-0: Called Strike
2-1: SINGLE (Groundball, 4M)
Vicente Martínez to third
Runner from 3rd tries for Home, SAFE, throw made home
Jeff Sharp to second
Batting: LHB Ron Goodwin 0-0: Ball
1-0: Swinging Strike
1-1: Ground out U3 (Groundball, 3)
Top of the 8th over - 3 run(s), 3 hit(s), 0 error(s), 1 left on base; Chicago 10 - Detroit 12
BOTTOM OF THE 8TH
Detroit Reapers batting - Pitching for Chicago Gold Sox : LHP Pedro Torres
Batting: LHB Robert Bond 0-0: Ball
1-0: Foul Ball, location: 2F
1-1: Called Strike
1-2: Ground out 5-3 (Groundball, 5)
Batting: LHB Armando Herrera 0-0: Ball
1-0: Foul Ball, location: 2F
1-1: Swinging Strike
1-2: Ball
2-2: Ball
3-2: Ground out 4-3 (Groundball, 4)
Batting: RHB Chris Carter 0-0: Ball
1-0: Swinging Strike
1-1: Swinging Strike
1-2: Strikes out swinging
Bottom of the 8th over - 0 run(s), 0 hit(s), 0 error(s), 0 left on base; Chicago 10 - Detroit 12
TOP OF THE 9TH
Chicago Gold Sox batting - Pitching for Detroit Reapers : RHP Tony Hernández
Pitching: RHP Richard Davis
Batting: RHB Tim Little 0-0: Ball
1-0: Swinging Strike
1-1: Ball
2-1: Fly out, F8 (Flyball, 78M)
Pinch Hitting: RHB Bryan Armstrong 0-0: Called Strike
0-1: Swinging Strike
0-2: Ball
1-2: Ground out 6-3 (Groundball, 6)
Batting: LHB Salvador Vidal 0-0: Ball
1-0: Called Strike
1-1: Ground out 4-3 (Groundball, 4S)
Top of the 9th over - 0 run(s), 0 hit(s), 0 error(s), 0 left on base; Chicago 10 - Detroit 12
This league is powered by Out of the Park Baseball, the baseball management simulation game for PC, Mac and Linux
Thursday, April 24th, 2014 - OOTP Baseball 14.6 Build 33